AoeStats
← 鄙人張麻子

Arena

505257056Analyzed
4v4 RM · 25d ago on Sep 8, 2026· 36m 0s· 8 players
Game mode
Random Map
Map size
Large (8 player)
Population
200
Speed
Normal
Resources
Standard
Victory
Conquest
Starting age
Dark Age
Ending age
Imperial Age
RankedLock teamsTeams togetherTeam positionsShared explorationLock speedFull tech treeHidden civsTurbo modeCheats
Victory
Defeat
🇨🇳 Burgundians · China
1450
+7
🇨🇳 Khmer · China
1339
+11
1314
+12
🇨🇳 Aztecs · China
922
+27
🇨🇳 Goths · China
1239
-15
🇨🇳 Aztecs · China
1237
-15
1205
-14
🇹🇼 Bohemians · Taiwan
1198
-13
鄙人張麻子
10:28 Feudal Age
14:27 Castle Age
12:23 Horse Collar
12:30 Double-Bit Axe
15:24 Bow Saw
15:16 Heavy Plow
22:28 Wheelbarrow
23:11 Fervor
23:48 Hand Cart
25:43 Scale Mail Armor
25:35 Town Watch
28:28 Imperial Age
27:10 Chemistry
26:27 Forging
26:18 Loom
27:21 Chain Mail Armor
26:29 Pikeman
27:09 Squires
28:42 Iron Casting
29:16 Town Patrol
29:53 Iron Casting
29:48 Plate Mail Armor
28:44 Houfnice
29:39 Halberdier
31:38 Fletching
32:49 Blast Furnace
35:33 Conscription
showland_wolf
1:36 Loom
12:08 Feudal Age
13:36 Double-Bit Axe
14:13 Horse Collar
17:55 Castle Age
16:13 Town Watch
16:21 Stone Mining
16:24 Gold Mining
22:33 Pikeman
25:02 Bow Saw
26:02 Squires
27:28 Man-at-Arms
30:48 Imperial Age
28:58 Wheelbarrow
29:26 Long Swordsman
31:48 Anarchy
31:23 Halberdier
31:26 Two-Handed Swordsman
32:31 Heavy Plow
32:58 Masonry
32:53 Fletching
33:13 Forging
34:46 Hand Cart
36:19 Scale Mail Armor
36:14 Bodkin Arrow
mx
9:10 Feudal Age
14:29 Castle Age
12:29 Double-Bit Axe
13:24 Horse Collar
14:05 Loom
14:46 Gold Mining
15:26 Bow Saw
18:13 Sanctity
18:41 Heavy Plow
21:10 Wheelbarrow
22:14 Hand Cart
22:32 Atonement
22:48 Redemption
23:53 Gold Shaft Mining
23:50 Atonement
24:52 Fervor
29:57 Imperial Age
32:20 Illumination
32:10 Block Printing
32:31 Theocracy
34:47 Devotion
34:43 Herbal Medicine
34:16 Pikeman
34:58 Scale Mail Armor
Si me criticas te fedeo
0:30 Loom
9:51 Feudal Age
10:31 Horse Collar
15:19 Castle Age
13:37 Double-Bit Axe
17:52 Heavy Plow
22:01 Bow Saw
22:42 Stone Mining
23:59 Wheelbarrow
30:11 Hand Cart
30:47 Gold Mining
31:35 Bloodlines
32:32 Gold Shaft Mining
32:38 Scale Barding Armor
35:28 Imperial Age
35:36 Imperial Age
34:04 Chain Barding Armor
34:11 Fortified Wall
35:36 Husbandry
时尚
9:38 Feudal Age
13:09 Castle Age
11:37 Horse Collar
12:48 Double-Bit Axe
23:07 Wheelbarrow
22:21 Loom
22:22 Town Watch
23:26 Heavy Plow
23:37 Bow Saw
23:50 Gold Mining
23:52 Stone Mining
25:08 Stone Shaft Mining
25:33 Hand Cart
25:58 Gold Shaft Mining
25:49 Fletching
27:30 Forging
27:21 Bodkin Arrow
28:15 Squires
28:01 Arson
28:07 Eagle Warrior
34:57 Imperial Age
33:34 Iron Casting
33:01 Scale Mail Armor
33:59 Chain Mail Armor
35:00 Elite Jaguar Warrior
36:00 Conscription
35:03 Capped Ram
36:11 Siege Engineers
36:48 Garland Wars
爆兵不种田
7:39 Double-Bit Axe
10:58 Feudal Age
14:32 Castle Age
13:14 Bow Saw
12:57 Horse Collar
13:51 Heavy Plow
22:45 Wheelbarrow
22:03 Gold Mining
23:13 Scale Barding Armor
23:18 Forging
23:46 Gold Shaft Mining
23:06 Stone Mining
23:33 Husbandry
22:54 Cavalier
26:25 Two-Man Saw
27:11 Hand Cart
27:17 Chain Barding Armor
28:18 Iron Casting
28:51 Crop Rotation
28:57 Stone Shaft Mining
29:20 Loom
29:21 Town Watch
36:04 Imperial Age
missed and miss
10:40 Feudal Age
13:48 Castle Age
12:02 Double-Bit Axe
12:03 Horse Collar
14:58 Bow Saw
20:22 Wheelbarrow
20:09 Man-at-Arms
21:32 Long Swordsman
22:15 Scale Mail Armor
24:34 Hand Cart
24:05 Loom
25:00 Arson
25:26 Forging
27:18 Chain Mail Armor
27:39 Iron Casting
32:05 Imperial Age
30:00 Heavy Plow
29:51 Gold Mining
29:52 Stone Mining
32:18 Heavy Scorpion
33:03 Siege Engineers
33:01 Double Crossbow
33:21 Conscription
32:30 Two-Handed Swordsman
32:59 Capped Ram
35:08 Blast Furnace
用爱感化队友
10:48 Feudal Age
14:30 Castle Age
12:51 Double-Bit Axe
13:37 Horse Collar
17:28 Bow Saw
23:39 Wheelbarrow
23:36 Stone Mining
24:57 Stone Shaft Mining
29:05 Imperial Age
26:20 Loom
26:52 Scale Barding Armor
26:58 Forging
27:40 Husbandry
27:50 Bloodlines
27:01 Light Cavalry
29:35 Chain Barding Armor
29:20 Gold Mining
30:07 Conscription
30:05 Hand Cart
30:40 Iron Casting
30:06 Winged Hussar
31:44 Plate Barding Armor
31:39 Heavy Plow
31:37 Town Watch
32:12 Elite Leitis
33:29 Tower Shields
Connection lost

Rejoining the realm…

Still unreachable

The connection could not be restored.

Session expired

The server has moved on; the page needs a fresh start.